 Dungeon Crawl Stone Soup version 0.28-a0-1038-g9c4cb8273d (webtiles) character file.

Game seed: 5267197239284130801

36192 Peloso the Peltast (level 13, -4/117 HPs)
             Began as a Minotaur Fighter on Dec 8, 2021.
             Was the Champion of Okawaru.
             Killed from afar by an ogre mage (21 damage)
             ... with a bolt of magma
             ... on level 2 of the Orcish Mines.
             The game lasted 00:32:15 (17488 turns).

Peloso the Peltast (Minotaur Fighter)              Turns: 17488, Time: 00:32:16

Health: -4/117     AC: 22    Str: 23    XL:     13   Next: 51%
Magic:  11/12      EV:  7    Int:  5    God:    Okawaru [******]
Gold:   954        SH: 25    Dex: 17    Spells: 12/12 levels left

rFire   + . .      SeeInvis .   a - +1 scimitar (vamp)
rCold   . . .      Faith    .   c - +0 tower shield
rNeg    . . .      Spirit   .   x - +0 plate armour
rPois   .          Reflect  +   R - +2 hat "Moawarin" {rF+ Dex+4}
rElec   .          Harm     .   p - +2 cloak
rCorr   .          Rampage  .   r - +0 pair of gloves
Will    .....                   (no boots)
Stlth   ..........              W - amulet of reflection
HPRegen 0.29/turn               (no ring)
MPRegen 0.13/turn               (no ring)

@: no status effects
A: horns 2, retaliatory headbutt
a: Renounce Religion, Heroism, Finesse, Duel


You were on level 2 of the Orcish Mines.
You worshipped Okawaru.
Okawaru was exalted by your worship.
You visited 4 branches of the dungeon, and saw 17 of its levels.
You also visited: Ossuary.

You collected 1050 gold pieces.
You spent 96 gold pieces at shops.

Inventory:

Hand Weapons
 a - a +1 vampiric scimitar (weapon)
 b - a +1 long sword of flaming
Armour
 c - a +0 tower shield (worn)
 p - a +2 cloak (worn)
 r - a +0 pair of gloves (worn)
 x - a +0 plate armour (worn)
 R - the +2 hat "Moawarin" (worn) {rF+ Dex+4}
   (You found it on level 9 of the Dungeon)

   Dex:       It affects your dexterity (+4).
   rF:        It protects you from fire.
Jewellery
 K - a ring of ice
 M - a ring of protection from fire
 P - a ring of poison resistance
 W - an amulet of reflection (around neck)
Scrolls
 j - 7 scrolls of teleportation
 n - a scroll of magic mapping
 s - 3 scrolls of fear
 t - a scroll of blinking
 u - 5 scrolls of immolation
 v - a scroll of identify
 N - 2 scrolls of enchant weapon
Potions
 d - 2 potions of might
 f - 5 potions of flight {unknown}
 g - 5 potions of heal wounds
 i - 4 potions of degeneration {unknown}
 k - 5 potions of cancellation {unknown}
 l - a potion of experience
 q - 15 potions of curing
 z - a potion of berserk rage
 A - 4 potions of lignification {unknown}
 H - 4 potions of resistance
 I - 3 potions of haste
 X - a potion of invisibility {unknown}
 Z - 2 potions of attraction {unknown}


   Skills:
 + Level 11.9 Fighting
 + Level 14.8 Long Blades
 + Level 12.8 Armour
 + Level 3.4 Dodging
 + Level 0.7 Stealth
 + Level 16.7 Shields
 + Level 1.1 Invocations
 + Level 1.3 Evocations


You had 12 spell levels left.
You didn't know any spells.
Your spell library contained the following spells:

 Spells                   Type           Power      Damage    Failure   Level
 Beastly Appendage        Tmut           0%         N/A       100%        1
 Magic Dart               Conj           0%         1d3       100%        1
 Slow                     Hex            0%         N/A       100%        1
 Blink                    Tloc           0%         N/A       100%        2
 Wereblood                Tmut           0%         N/A       100%        2
 Confusing Touch          Hex            0%         N/A       100%        3
 Conjure Flame            Conj/Fire      0%         6-21      100%        3
 Lesser Beckoning         Tloc           0%         N/A       100%        3
 Mephitic Cloud           Conj/Pois/Air  0%         N/A       100%        3
 Ozocubu's Armour         Ice            0%         N/A       100%        3
 Spider Form              Tmut/Pois      0%         N/A       100%        3
 Flame Wave               Conj/Fire      0%         2d4       100%        4
 Manifold Assault         Tloc           0%         N/A       100%        5
 Metabolic Englaciation   Hex/Ice        0%         N/A       100%        5
 Yara's Violent Unravell  Hex/Tmut       0%         3d3       100%        5
 Eringya's Noxious Bog    Tmut/Pois      0%         N/A       100%        6
 Summon Small Mammal      Summ           Unusable   N/A       N/A         1
 Call Imp                 Summ           Unusable   N/A       N/A         2
 Summon Lightning Spire   Summ/Air       Unusable   N/A       N/A         4
 Summon Forest            Summ/Tloc      Unusable   N/A       N/A         5
 Simulacrum               Ice/Necr       Unusable   N/A       N/A         6
 Summon Hydra             Summ           Unusable   N/A       N/A         7
 Summon Horrible Things   Summ           Unusable   N/A       N/A         8

Dungeon Overview and Level Annotations

Branches:
Dungeon (11/15)            Temple (1/1) D:6            Lair (3/6) D:8
 Spider (0/4) Lair:3          Orc (2/2) D:11        Ossuary (visited)
  Swamp: Lair:2-4    Shoals: Lair:2-4       Elf: Orc:2

Altars:
Ashenzari
Fedhas
Gozag
Okawaru

Shops:
D:1 !   D:6 (   D:10 (

Annotations:
D:4 1 runed translucent door, fly's ghost, amateur FoDe
Lair:1 exclusion: oklob plant


Innate Abilities, Weirdness & Mutations

You have a pair of horns on your head.
You reflexively headbutt those who attack you in melee.


Message History

The troll is heavily wounded.
The troll completely misses you. You furiously retaliate!
You headbutt the troll! You block the troll's attack. x2
Unknown command.
You slash the troll!
You feel better.
You kill the troll!
Okawaru accepts your kill.
The troll leather armour is intact enough to wear.
You feel like a meek peon again. Something hits you but does no damage.
Unknown command.
You block something's attack. Something completely misses you.
Something hits you.
* * * LOW HITPOINT WARNING * * *
Something hits you but does no damage.
An orc comes into view. It is wielding a +0 flail.
The orc shouts!
You slash something!
You feel better.
You hear a shout! x2
You block something's attack. Something hits you.
* * * LOW HITPOINT WARNING * * *
Unknown command.
You closely miss something. Something hits you.
* * * LOW HITPOINT WARNING * * *
Something hits you but does no damage.
Unknown command.
You slash something!
You feel better.
Your headbutt misses something. Something hits you but does no damage.
Unknown command.
You slash something! You headbutt something. You block something's attack.
Something hits you but does no damage.
Unknown command.
You slash something! You block something's attack.
The orc priest mumbles some strange prayers to Beogh against you.
Beogh smites you!
* * * LOW HITPOINT WARNING * * *
You hear some strange, mumbled words.
A bolt of magma appears from out of thin air!
The bolt of magma hits you!! You partially resist.
You die... ....... #.#.......# ....... ###......... ...$.....##.............. ......O $.#.............. ....OTo ................ ...OToO

...............
...ooO{####.......##.##..
.oOooOO{##........#####..
.....OO#@........#######.
.#...OT###).)).....##.##.
#....oO ##.......##.....
.#..... ##.#...........
..#.... #.#........... .
....# ####..........
....# #...........
##.#........ ##.......#..


You could see 2 trolls, an orc warrior, 7 ogres, 3 orc priests and 2 orcs.

Vanquished Creatures
  A stone giant (Orc:2)
  A hydra (Lair:3)
  Erica (Lair:2)
  9 two-headed ogres
  Urug (D:11)
  2 deep trolls (Orc:2)
  2 deep elf zephyrmancers (D:9)
  A deep elf pyromancer (D:10)
  3 cyclopes
  A manticore (D:6)
  2 black mambas
  Maggie (Lair:2)
  A gargoyle (D:11)
  9 cane toads
  A rime drake (Lair:3)
  4 komodo dragons
  4 trolls (Orc:2)
  3 blink frogs (Lair:2)
  A vampire (D:11)
  A shadow (D:11)
  39 yaks
  2 wyverns
  Sigmund (D:4)
  Eustachio (D:5)
  3 basilisks
  A steam dragon (D:8)
  2 vampire mosquitoes (D:9)
  2 wargs (D:11)
  3 water moccasins (Lair:1)
  Duvessa (D:5)
  A swamp drake (D:9)
  An ice beast (D:5)
  4 orc warriors
  A sky beast (D:7)
  7 ogres
  3 black bears
  A necrophage (D:4)
  39 wolves
  5 centaurs
  A kobold brigand (D:8)
  3 phantoms
  8 bullfrogs
  A water moccasin zombie (D:5)
  Dowan (D:5)
  2 wyvern skeletons
  18 killer bees
  4 wights (D:9)
  A crimson imp (D:9)
  4 howler monkeys
  7 centaur zombies
  A jelly (D:6)
  3 bullfrog zombies
  A gnoll shaman (D:6)
  8 hounds
  Crazy Yiuf (D:5)
  A bullfrog skeleton (D:6)
  2 centaur skeletons
  A human zombie (Ossuary)
  10 orc priests
  An iron imp (D:9)
  3 iguanas
  Natasha (thrice) (D:4)
  8 orc wizards
  2 hound zombies
  4 mummies (Ossuary)
  A howler monkey zombie (D:5)
  12 gnolls
  4 adders
  5 shadow imps
  3 white imps
  3 ufetubi (D:5)
  An adder zombie (D:5)
  2 dart slugs
  32 orcs
  4 ball pythons
  7 bats
  6 endoplasms
  2 giant cockroaches (D:3)
  4 goblins
  6 hobgoblins
  11 jackals
  3 quokkas
  A frilled lizard (D:1)
  A gnoll zombie (Ossuary)
  4 hobgoblin zombies (Ossuary)
  A jackal zombie (Ossuary)
  15 kobolds
  An orc zombie (Ossuary)
  8 rats
  3 rat zombies (Ossuary)
405 creatures vanquished.

Vanquished Creatures (others)
  2 orcs (D:9)
  13 fungi (Lair:3)
  38 plants
53 creatures vanquished.

Grand Total: 458 creatures vanquished

Notes
Turn   | Place    | Note
-------+----------+-------------------------------------------
     0 | D:1      | Peloso the Minotaur Fighter began the quest for the Orb.
     0 | D:1      | Reached XP level 1. HP: 19/19 MP: 0/0
    67 | D:1      | Found Asask's Distillery.
   101 | D:1      | Reached XP level 2. HP: 23/27 MP: 1/1
   498 | D:1      | Reached XP level 3. HP: 30/33 MP: 2/2
   553 | D:1      | Found a faded altar of an unknown god.
   883 | D:1      | Reached skill level 4 in Shields
  1318 | D:2      | Got the Disquisition on Burning Summoning
  1891 | D:1      | Bought a potion of curing for 36 gold pieces
  1891 | D:1      | Bought a potion of heal wounds for 60 gold pieces
  2167 | D:3      | Reached XP level 4. HP: 40/40 MP: 3/3
  2277 | D:3      | Found a broken altar of Ashenzari.
  2468 | D:4      | Noticed Natasha
  2477 | D:4      | Killed Natasha
  2552 | D:4      | Found a sand-covered staircase.
  2561 | Ossuary  | Entered an ossuary
  2571 | Ossuary  | Reached skill level 1 in Dodging
  2590 | Ossuary  | Reached XP level 5. HP: 44/47 MP: 4/4
  3002 | D:4      | Found a runed translucent door.
  3004 | D:4      | Noticed fly's ghost (amateur FoDe)
  3004 | D:4      | Noticed a yak
  3023 | D:4      | Noticed Natasha
  3031 | D:4      | Killed Natasha
  3032 | D:4      | Reached skill level 5 in Armour
  3055 | D:4      | Noticed a necrophage
  3065 | D:4      | Killed a necrophage
  3066 | D:4      | Reached skill level 5 in Shields
  3066 | D:4      | Reached XP level 6. HP: 48/53 MP: 5/5
  3139 | D:4      | Noticed Natasha
  3148 | D:4      | Killed Natasha
  3205 | D:4      | Noticed Sigmund
  3229 | D:4      | Killed Sigmund
  3230 | D:4      | Reached skill level 5 in Long Blades
  3230 | D:4      | Reached XP level 7. HP: 38/60 MP: 6/6
  3688 | D:5      | Entered Level 5 of the Dungeon
  3919 | D:5      | Found a runed translucent door.
  3920 | D:5      | Noticed Crazy Yiuf
  3969 | D:5      | Reached skill level 5 in Fighting
  3976 | D:5      | Reached skill level 6 in Shields
  4135 | D:5      | Reached skill level 7 in Shields
  4135 | D:5      | Reached XP level 8. HP: 49/68 MP: 7/7
  4177 | D:5      | Noticed Eustachio
  4196 | D:5      | Killed Eustachio
  4545 | D:5      | Noticed Duvessa
  4545 | D:5      | Noticed Dowan
  4566 | D:5      | Killed Duvessa
  4567 | D:5      | Reached skill level 8 in Shields
  4571 | D:5      | Killed Dowan
  4828 | D:5      | Identified the +5 dagger "Hobowaups" {protect, rCorr SInv
                  | Stlth+}
  5423 | D:5      | Killed Crazy Yiuf
  5505 | D:6      | Found a staircase to the Ecumenical Temple.
  5546 | Temple   | Entered the Ecumenical Temple
  5564 | Temple   | Became a worshipper of Warmaster Okawaru
  5675 | D:6      | Reached XP level 9. HP: 26/75 MP: 8/8
  6032 | D:6      | Noticed a manticore
  6042 | D:6      | Killed a manticore
  6042 | D:6      | Reached * piety under Okawaru
  6043 | D:6      | Reached skill level 9 in Shields
  6360 | D:6      | Found Wemo's Antique Weapon Shoppe.
  7535 | D:8      | Reached skill level 10 in Shields
  7781 | D:8      | Reached ** piety under Okawaru
  8069 | D:8      | Found a staircase to the Lair.
  8070 | D:8      | Noticed a komodo dragon
  8094 | D:8      | Killed a komodo dragon
  8095 | D:8      | Reached XP level 10. HP: 51/84 MP: 9/9
  8323 | D:8      | Noticed a two-headed ogre
  8346 | D:8      | Killed a two-headed ogre
  8346 | D:8      | HP: 4/86 [centaur/arrow (5)]
  8347 | D:8      | Reached skill level 10 in Long Blades
  8653 | D:8      | Noticed a two-headed ogre
  8661 | D:8      | Killed a two-headed ogre
  8661 | D:8      | Reached *** piety under Okawaru
  8863 | D:9      | Reached skill level 11 in Shields
  9054 | D:9      | Noticed a cyclops
  9070 | D:9      | Killed a cyclops
  9167 | D:9      | Reached **** piety under Okawaru
  9535 | D:9      | Reached skill level 10 in Armour
  9622 | D:9      | Reached XP level 11. HP: 77/87 MP: 10/10
  9813 | D:9      | Noticed a deep elf zephyrmancer
  9819 | D:9      | Killed a deep elf zephyrmancer
  9819 | D:9      | Received a gift from Okawaru
 10130 | D:9      | Noticed a deep elf zephyrmancer
 10140 | D:9      | Killed a deep elf zephyrmancer
 10143 | D:9      | Identified the +2 hat "Moawarin" {rF+ Dex+4}
 10881 | D:10     | Entered Level 10 of the Dungeon
 10882 | D:10     | Noticed a deep elf pyromancer
 10894 | D:10     | Killed a deep elf pyromancer
 10974 | D:10     | Found Mil Fadgh's Antique Weapon Emporium.
 11084 | D:10     | Received a gift from Okawaru
 11085 | D:10     | Reached skill level 12 in Shields
 11590 | D:11     | Noticed a two-headed ogre
 11604 | D:11     | Killed a two-headed ogre
 11643 | D:11     | Found a staircase to the Orcish Mines.
 11696 | D:11     | Reached ***** piety under Okawaru
 11838 | D:11     | Noticed Urug
 11854 | D:11     | Killed Urug
 11882 | D:11     | Reached skill level 13 in Shields
 12330 | Lair:1   | Entered Level 1 of the Lair of Beasts
 12680 | Lair:1   | Reached XP level 12. HP: 106/106 MP: 11/11
 12726 | Lair:1   | Reached skill level 10 in Fighting
 12958 | Lair:1   | Received a gift from Okawaru
 12986 | Lair:1   | Reached skill level 14 in Shields
 13667 | Lair:1   | Found a blossoming altar of Fedhas.
 14296 | Lair:2   | Noticed Maggie
 14309 | Lair:2   | Killed Maggie
 14321 | Lair:2   | Noticed Erica
 14332 | Lair:2   | Killed Erica
 14791 | Lair:2   | Reached skill level 1 in Invocations
 15088 | Lair:3   | Reached skill level 15 in Shields
 15124 | Lair:3   | Noticed an eight-headed hydra
 15154 | Lair:3   | Killed an eight-headed hydra
 15645 | Lair:3   | Reached ****** piety under Okawaru
 15833 | Lair:3   | Identified the +1 rapier of Peloso's Integrity {flame,
                  | rPois rF+ Dex-4 Stlth+} (Okawaru gifted it to you on level
                  | 3 of the Lair of Beasts)
 15833 | Lair:3   | Received a gift from Okawaru
 15927 | Lair:3   | Reached XP level 13. HP: 64/116 MP: 12/12
 16013 | Lair:3   | Found a hole to the Spider Nest.
 17162 | Orc:1    | Entered Level 1 of the Orcish Mines
 17311 | Orc:2    | Entered Level 2 of the Orcish Mines
 17385 | Orc:2    | Reached skill level 16 in Shields
 17391 | Orc:2    | Noticed a stone giant
 17416 | Orc:2    | Killed a stone giant
 17427 | Orc:2    | Reached skill level 1 in Evocations
 17456 | Orc:2    | Received a gift from Okawaru
 17488 | Orc:2    | Killed from afar by an ogre mage

Illustrated notes

Levels and vault maps discovered:
D:1:      dpeg_arrival_ratfight, layout_loops_ring,
          ebering_ecumenical_altar_hall, serial_shops, nicolae_square_shop,
          minmay_pentomino_r4
D:2:      layout_basic, minmay_pentomino_pile
D:3:      layout_basic, mainiacjoe_overflow_tiny_flanked
D:4:      layout_gridville, nicolae_ossuary_entry_ruins,
          ebering_ghost_inner_flame, uniq_natasha, uniq_sigmund
D:5:      cheibrodos_fzero, layout_cave_pods, serial_column_ruins,
          column_ruins_hut_pillars, column_ruins_hut_ruined,
          column_ruins_grid_3, column_ruins_open_small, column_ruins_grid_1,
          column_ruins_grid_3, uniq_crazy_yiuf_cottage, uniq_duvessa,
          uniq_eustachio
D:6:      layout_loops_ring, temple_pool_b, serial_shops, shop,
          minmay_small_thing
D:7:      layout_rooms
D:8:      layout_basic, david_lair_shrubbed
D:9:      layout_long_grid, hangedman_minor_magic
D:10:     layout_roguey, serial_shops, kennysheep_little_box,
          ebering_dispersal_statue_hall, minmay_misc_feat_secret_circle,
          bh_walls_and_bars
D:11:     layout_roguey, minmay_orc_entry_guard_dogs, hex_large, uniq_urug
Temple:   mainiacjoe_temple_hex_bubbles
Lair:1:   wad_woods_structure_01, layout_hall_layers, tgw_fedhas
Lair:2:   layout_chaotic_city, minivault_23, beast_lair_carwin_7, uniq_erica,
          uniq_maggie
Lair:3:   layout_layer_cave, spider_nest_entry_web_field,
          grunt_forest_large_clearings, lemuel_fruit_tree
Orc:1:    layout_caves
Orc:2:    st_orc_open, layout_diamond_mine

Skill      XL: |  1  2  3  4  5  6  7  8  9 10 11 12 13 |
---------------+----------------------------------------+-----
Fighting       | 4 5 6 8 9 11 | 11.9
Armour         | 4 5 6 7 8 10 11 12 | 12.8
Long Blades    | 3 4 5 7 9 11 13 14 | 14.8
Shields        | 4 5 7 8 10 11 13 15 16 | 16.7
Dodging        | 1 2 3 |  3.4
Invocations    | 1 |  1.1
Evocations     | 1 |  1.3
Stealth        | |  0.7

Action                   |  1- 3 |  4- 6 |  7- 9 | 10-12 | 13-15 || total
-------------------------+-------+-------+-------+-------+-------++-------
Melee: Long sword        |    97 |    92 |   422 |   180 |       ||   791
       Headbutt          |    17 |    20 |    96 |   240 |    72 ||   445
       Scimitar          |       |       |       |   645 |   217 ||   862
Invok: Heroism           |       |       |       |     9 |     3 ||    12
Evoke: Wand              |       |       |     6 |       |     3 ||     9
  Use: Potion            |       |     1 |       |     2 |       ||     3
       Scroll            |       |       |    12 |     4 |     2 ||    18
Armor: Scale mail        |    68 |    57 |       |       |       ||   125
       Plate armour      |       |    46 |   364 |   320 |    91 ||   821
Dodge: Dodged            |    54 |    38 |    70 |   137 |    35 ||   334
Block: Buckler           |    28 |     2 |       |       |       ||    30
       Tower shield      |       |    90 |   439 |   718 |   254 ||  1501

Table legend: (Time is in decaauts)
 A = Elapsed time spent in this place.
 B = Non-inter-level travel time spent in this place.
 C = Inter-level travel time spent in this place.
 D = Time resting spent in this place.
 E = Time spent auto-exploring this place.
 F = Levels seen in this place.
 G = Mean time per level.
                   A        B        C        D        E       F      G
               +--------+--------+--------+--------+--------+-----+--------+
         Total |  17691 |  16871 |    820 |    248 |  12506 |  18 |  982.8 |
       Dungeon |  12548 |  11823 |    725 |    248 |   9074 |  11 | 1140.7 |
        Temple |     30 |     30 |      0 |      0 |     13 |   1 |   30.0 |
          Lair |   4446 |   4352 |     94 |      0 |   3081 |   3 | 1482.0 |
  Orcish Mines |    305 |    305 |      0 |      0 |    149 |   2 |  152.5 |
       Ossuary |    359 |    359 |      0 |      0 |    189 |   1 |  359.0 |
               +--------+--------+--------+--------+--------+-----+--------+

Top non-repeatable levels by time:
     D:9: 2156 daAuts
  Lair:1: 1902 daAuts
     D:5: 1772 daAuts
     D:8: 1645 daAuts
  Lair:3: 1639 daAuts
     D:6: 1476 daAuts
     D:1: 1126 daAuts
     D:4: 1064 daAuts
  Lair:2: 904 daAuts
     D:2: 867 daAuts
    D:10: 722 daAuts
    D:11: 679 daAuts
     D:7: 573 daAuts
     D:3: 463 daAuts
 Ossuary: 359 daAuts
